 Dungeon Crawl Stone Soup version 0.23-a0-643-g9ccc95a (webtiles) character file.

16263 MalarOregon the Impaler (level 12, -4/95 HPs)
             Began as a Merfolk Gladiator on Jan 1, 2019.
             Was a Priest of Nemelex Xobeh.
             Slain by an ettin
             ... wielding a +1 dire flail of holy wrath
              (46 damage)
             ... on level 13 of the Dungeon.
             The game lasted 00:24:58 (12972 turns).

MalarOregon the Impaler (Merfolk Gladiator)        Turns: 12972, Time: 00:24:59

Health: -4/95      AC: 12    Str: 20    XL:     12   Next: 35%
Magic:  12/12      EV: 20    Int: 11    God:    Nemelex Xobeh [***...]
Gold:   977        SH:  0    Dex: 16    Spells: 11/11 levels left

rFire    + . .     SeeInvis .   M - +3 halberd
rCold    . . .     Gourm    .   (shield currently unavailable)
rNeg     . . .     Faith    .   p - +4 troll leather armour {Purgy}
rPois    .         Spirit   .   h - +0 helmet
rElec    .         Reflect  .   (no cloak)
rCorr    .         Harm     .   q - +0 pair of gloves
MR       .....                  c - +0 pair of boots
Stlth    +.........             (no amulet)
HPRegen  0.65/turn              K - +5 ring of strength
MPRegen  0.13/turn              i - ring of protection from fire

@: no status effects
A: change form in water, swift swim, stealthy swim
a: Draw Escape, Draw Destruction, Draw Summoning, Triple Draw, Renounce Religion


You were on level 13 of the Dungeon.
You worshipped Nemelex Xobeh.
Nemelex Xobeh was most pleased with you.
You were not hungry.

You visited 2 branches of the dungeon, and saw 14 of its levels.
You also visited: Sewer and Ossuary.

You collected 977 gold pieces.

Inventory:

Hand Weapons
 M - a +3 halberd (weapon)
   (You took it off a wight on level 7 of the Dungeon)
Missiles
 d - 3 throwing nets {!f}
 n - 56 poisoned needles
 y - 5 javelins
 B - 20 tomahawks
 C - 5 tomahawks of returning (quivered)
Armour
 c - a +0 pair of boots (worn)
   (You found it on level 10 of the Dungeon)
 h - a +0 helmet (worn)
 p - a +4 troll leather armour (worn) {Purgy}
   (You found it in a sewer)
 q - a +0 pair of gloves (worn)
   (You found it on level 3 of the Dungeon)
Magical Staves
 E - an uncursed staff of summoning
   (You found it on level 6 of the Dungeon)
 J - an uncursed staff of cold {unknown}
   (You found it on level 11 of the Dungeon)
Jewellery
 i - a ring of protection from fire (right hand)
   (You found it on level 2 of the Dungeon)
 K - a +5 ring of strength (left hand)
   (You found it on level 8 of the Dungeon)
Wands
 t - a wand of flame (19)
   (You found it on level 12 of the Dungeon)
 u - a wand of paralysis (5)
   (You found it on level 10 of the Dungeon)
 I - a wand of polymorph (5)
   (You found it on level 6 of the Dungeon)
 O - a wand of enslavement (10)
   (You found it on level 12 of the Dungeon)
Scrolls
 f - 3 scrolls of remove curse {@r2}
 j - 2 scrolls of magic mapping
 k - 4 scrolls of teleportation {@r4}
 r - 3 scrolls of fear
 v - 6 scrolls of fog
 A - 3 scrolls of enchant armour
 N - 2 scrolls of identify {@r1}
Potions
 a - 4 potions of cancellation
 b - 4 potions of magic
 g - a potion of mutation {unknown}
 l - 4 potions of lignification {!q}
 m - 5 potions of curing {@q1}
 o - 2 potions of brilliance
 s - a potion of resistance {unknown}
 w - 3 potions of degeneration {unknown}
 z - 3 potions of haste {@q3}
 D - 2 potions of might {unknown}
 F - 2 potions of invisibility
 G - 3 potions of agility {unknown}
 L - a potion of flight {unknown}
 P - a potion of berserk rage {unknown}
Comestibles
 e - 30 rations {!d}
 x - 8 chunks of flesh


   Skills:
 + Level 9.3 Fighting
 + Level 15.5 Polearms
 + Level 8.6 Throwing
 + Level 6.2 Armour
 + Level 11.3 Dodging


You had 11 spell levels left.
You didn't know any spells.
Your spell library contained the following spells:

 Spells                   Type           Power        Failure   Level  Hunger
 Magic Dart               Conj           #...         38%         1    ##.....
 Searing Ray              Conj           #.....       52%         2    ###....
 Throw Frost              Conj/Ice       #.....       52%         2    ###....
 Dazzling Spray           Conj/Hex       #.....       77%         3    ####...
 Force Lance              Conj/Tloc      #.......     99%         4    #####..
 Fulminant Prism          Conj/Hex       #.........   99%         4    #####..
 Iskenderun's Mystic Bla  Conj           #.......     99%         4    #####..
 Petrify                  Tmut/Erth      #.......     99%         4    #####..
 Shatter                  Erth           #.........   100%        9    #######


Dungeon Overview and Level Annotations

Branches:
Dungeon (13/15)            Temple (1/1) D:6            Lair (0/6) D:10
    Orc (0/2) D:11
 Vaults: D:13-14

Altars:
Ashenzari
Cheibriados
Dithmenos
Elyvilon
Fedhas
Gozag
Hepliaklqana
Kikubaaqudgha
Makhleb
Nemelex Xobeh
Okawaru
Qazlal
Ru
Sif Muna
Trog
Uskayaw
Vehumet
Wu Jian
Xom
Yredelemnul
Zin
The Shining One

Shops:
D:6 (


Message History

No target in view!
No target in view!
o - 2 potions of brilliance (gained 1)
The barbs in your skin will harm you if you move.
Continue? [Y]es or [N]o only, please.
The barbs in your skin will harm you if you move.
Continue? [Y]es or [N]o only, please.
The barbs in your skin will harm you if you move.
Continue? [Y]es or [N]o only, please.
The barbs in your skin will harm you if you move.
Continue?
Okay, then.
Okay, then.
Unknown command.
You start resting.
You start waiting.
You carefully extract the barbed spikes from your body.
Done waiting.
You butcher the manticore corpse.
x - 8 chunks of flesh (gained 3)
You see here a manticore skeleton. x2
Found a chain mail and a potion of cancellation.
Found a runed bardiche. 3 ettins come into view.
The ettin shouts in stereo!
There are monsters nearby!
You slash the ettin! You hit the ettin.
The ettin hits you with a +3 dire flail!!!
The ettin misses you.
A frost giant comes into view.
It is wielding a +2 battleaxe of freezing.
The frost giant shouts!
You hear a shout!
Aim: an ettin, wielding a +3 dire flail and a +0 dire flail (lightly wounded, The ettin is charmed.
The ettin hits your ettin with a +1 dire flail of holy wrath!!
The ettin hits your ettin with a +0 dire flail!
The ettin hits your ettin with a +0 dire flail!!
Your ettin dies!
An ettin comes into view. It is wielding two +0 dire flails.
Aim: an ettin, wielding a +1 dire flail of holy wrath and a +0 dire flail The ettin easily resists.
Okay, then.
You draw a card...
You have drawn the Cloud.
Clouds appear around you! The ettin misses you.
The ettin hits you with a +0 dire flail!!
* * * LOW HITPOINT WARNING * * *
A tengu reaver comes into view. It is wielding a +1 bardiche.
You draw a card...
You have drawn the Pentagram.
The ettin hits you with a +1 dire flail of holy wrath!!!
You die...
Your body glows slightly and disappears.

..........##..##
...........#.## ##
......##...##. §#
........###.##.. C§
# ........###.##.
##§ )#
......##...##. Q.#.#
...........#.## Ch§#
..........##..###C4#
....>....##..#.#@#
.........#..#...##
........##.#..###
........#.#..##
...(....#÷.###
..[....#.###.
.......##.......
......#.........
................


You could see a frost giant, a tengu reaver, 2 ettins, a friendly orange demon
and a friendly hell hound.

Vanquished Creatures
  Snorg (D:12)
  A hydra (D:12)
  An anaconda (D:12)
  A two-headed ogre (D:12)
  Urug (D:12)
  A wolf spider zombie (D:10)
  An orc knight (D:11)
  A cyclops (D:13)
  2 manticores
  A gargoyle (D:12)
  A redback zombie (D:12)
  3 trolls
  A slime creature (D:12)
  A hippogriff (D:9)
  2 dream sheep (D:12)
  A hornet (D:13)
  A shadow (D:13)
  2 wyverns
  Eustachio (D:4)
  2 yaks (D:12)
  A hungry ghost (D:11)
  3 vampire mosquitoes (D:12)
  2 soldier ants
  Duvessa (D:5)
  2 water moccasins
  An ice beast (D:10)
  A black bear (D:10)
  Purgy (Sewer)
  7 orc warriors
  3 phantoms
  2 sky beasts
  2 necrophages (D:9)
  2 eyes of draining
  A centaur (D:6)
  3 ogres
  A crocodile (D:12)
  5 big kobolds
  2 elf zombies (Ossuary)
  Blork the orc (D:5)
  8 bullfrogs
  2 gnoll sergeants
  Dowan (D:5)
  A wyvern skeleton (D:9)
  3 scorpions
  12 killer bees
  7 wights
  8 howler monkeys
  An electric eel (D:11)
  5 crimson imps
  2 bullfrog zombies
  3 centaur zombies (Ossuary)
  3 jellies
  8 orc priests
  2 human zombies (Ossuary)
  9 hounds
  5 iguanas
  8 orc wizards
  6 worker ants
  A killer bee zombie (D:9)
  2 big kobold zombies (Ossuary)
  3 hound zombies
  2 hound skeletons (D:7)
  4 mummies
  Robin (D:4)
  10 adders
  7 gnolls
  A howler monkey skeleton (D:9)
  2 river rats (D:5)
  2 shadow imps
  2 oozes (D:1)
  3 adder skeletons
  6 adder zombies
  5 worms
  A dart slug (D:3)
  3 leopard geckos
  46 orcs
  5 ball pythons
  6 bats
  3 giant cockroaches
  A gnoll zombie (Ossuary)
  15 goblins
  14 hobgoblins
  6 jackals
  3 quokkas
  5 frilled lizards
  3 goblin zombies (Ossuary)
  3 hobgoblin zombies (Ossuary)
  4 jackal zombies (Ossuary)
  14 kobolds
  2 kobold zombies (Ossuary)
  3 quokka zombies
  7 rats
  4 rat zombies (Ossuary)
  A plant (D:1)
361 creatures vanquished.

Vanquished Creatures (others)
  An ettin (D:13)
1 creature vanquished.

Grand Total: 362 creatures vanquished

Notes
Turn   | Place    | Note
-------+----------+-------------------------------------------
     0 | D:1      | MalarOregon the Merfolk Gladiator began the quest for the
                  | Orb.
     0 | D:1      | Reached XP level 1. HP: 16/16 MP: 1/1
    77 | D:1      | Reached skill level 5 in Polearms
   134 | D:1      | Reached XP level 2. HP: 22/22 MP: 2/2
   424 | D:1      | Reached skill level 6 in Polearms
   424 | D:1      | Reached XP level 3. HP: 27/27 MP: 3/3
  1065 | D:2      | Found a shattered altar of Ashenzari.
  1214 | D:2      | Found a faded altar of an unknown god.
  1305 | D:2      | Found a blossoming altar of Fedhas.
  1533 | D:3      | Reached XP level 4. HP: 25/33 MP: 4/4
  1572 | D:3      | Reached skill level 7 in Polearms
  2209 | D:4      | Reached skill level 8 in Polearms
  2209 | D:4      | Reached XP level 5. HP: 38/38 MP: 5/5
  2568 | D:4      | Noticed Eustachio
  2583 | D:4      | Killed Eustachio
  2583 | D:4      | Reached skill level 10 in Polearms
  2583 | D:4      | Reached XP level 6. HP: 34/44 MP: 6/6
  2856 | D:4      | Reached XP level 7. HP: 50/50 MP: 7/7
  2876 | D:4      | Reached skill level 11 in Polearms
  2927 | D:4      | Noticed Robin
  2946 | D:4      | Killed Robin
  3131 | D:5      | Entered Level 5 of the Dungeon
  3200 | D:5      | Found a glowing drain.
  3204 | Sewer    | Entered a sewer
  3267 | Sewer    | Noticed Purgy
  3280 | Sewer    | Killed Purgy
  3280 | Sewer    | Reached skill level 12 in Polearms
  3580 | D:5      | Reached XP level 8. HP: 47/56 MP: 8/8
  3760 | D:5      | Noticed Blork the orc
  3765 | D:5      | Reached skill level 13 in Polearms
  3778 | D:5      | Killed Blork the orc
  3840 | D:5      | Noticed Duvessa
  4087 | D:5      | Reached skill level 14 in Polearms
  5155 | D:5      | Noticed Dowan
  5183 | D:5      | Killed Duvessa
  5183 | D:5      | Reached skill level 1 in Armour
  5189 | D:5      | Killed Dowan
  5843 | D:6      | Reached skill level 5 in Dodging
  5843 | D:6      | Reached XP level 9. HP: 54/64 MP: 9/9
  5981 | D:6      | Found Sippadif's Weapon Emporium.
  6000 | D:6      | Found a staircase to the Ecumenical Temple.
  6018 | Temple   | Entered the Ecumenical Temple
  6298 | D:6      | Found a hide-covered altar of Uskayaw.
  6353 | D:6      | Found a deep blue altar of Sif Muna.
  6419 | D:6      | Found a shadowy altar of Dithmenos.
  6545 | D:7      | Identified the Grimoire of the Glacial Rocks
  6804 | D:7      | Noticed a two-headed ogre
  6932 | D:7      | Found a sand-covered staircase.
  6941 | Ossuary  | Entered an ossuary
  7344 | D:7      | You fall through a shaft!
  7353 | D:8      | Reached skill level 5 in Fighting
  7455 | D:8      | Found a white marble altar of Elyvilon.
  7582 | D:7      | Reached skill level 5 in Throwing
  7603 | D:7      | Reached XP level 10. HP: 45/74 MP: 10/10
  7621 | D:8      | HP: 3/75 [poisoned by a gnoll sergeant]
  7626 | D:8      | HP: 2/75 [poisoned by a gnoll sergeant]
  7631 | D:8      | HP: 2/75 [poisoned by a gnoll sergeant]
  7637 | D:8      | HP: 3/75 [poisoned by a gnoll sergeant]
  7824 | D:7      | Found a sparkling altar of Nemelex Xobeh.
  7860 | D:7      | Became a worshipper of Nemelex Xobeh the Trickster
  8047 | D:7      | Found a hazy altar of Hepliaklqana.
  8259 | D:8      | Received a gift from Nemelex Xobeh
  8272 | D:8      | Found an ancient bone altar of Kikubaaqudgha.
  8725 | D:9      | Reached * piety under Nemelex Xobeh
  9087 | D:9      | Found a radiant altar of Vehumet.
  9087 | D:9      | Found a sacrificial altar of Ru.
  9089 | D:9      | Found an ornate altar of the Wu Jian Council.
  9109 | D:9      | Found an iron altar of Okawaru.
  9483 | D:10     | Entered Level 10 of the Dungeon
  9548 | D:10     | HP: 3/77 [wolf spider zombie (10)]
  9562 | D:10     | HP: 5/115 [wolf spider zombie (5)]
  9562 | D:10     | HP: 1/115 [wolf spider zombie (4)]
  9884 | D:10     | Received a gift from Nemelex Xobeh
  9917 | D:10     | Reached XP level 11. HP: 35/84 MP: 11/11
  9923 | D:10     | Reached ** piety under Nemelex Xobeh
 10024 | D:10     | Found a staircase to the Lair.
 10461 | D:11     | Noticed a manticore
 10470 | D:11     | Killed a manticore
 10568 | D:11     | Reached skill level 5 in Armour
 10601 | D:11     | Received a gift from Nemelex Xobeh
 10661 | D:11     | You fall through a shaft!
 10682 | D:12     | Noticed Snorg
 10696 | D:12     | Killed Snorg
 11039 | D:11     | Reached skill level 10 in Dodging
 11096 | D:11     | Noticed an orc knight
 11154 | D:11     | Killed an orc knight
 11264 | D:11     | Received a gift from Nemelex Xobeh
 11408 | D:11     | Found a staircase to the Orcish Mines.
 11842 | D:12     | Noticed an anaconda
 11842 | D:12     | a very large slime creature changed into an anaconda
 11850 | D:12     | HP: 4/86 [anaconda (2)]
 11852 | D:12     | Killed an anaconda
 12053 | D:12     | Noticed a two-headed ogre
 12062 | D:12     | Killed a two-headed ogre
 12062 | D:12     | Reached skill level 15 in Polearms
 12067 | D:12     | Reached *** piety under Nemelex Xobeh
 12127 | D:12     | Noticed Urug
 12139 | D:12     | Killed Urug
 12352 | D:12     | Reached XP level 12. HP: 85/94 MP: 12/12
 12515 | D:12     | Noticed a three-headed hydra
 12521 | D:12     | Killed a five-headed hydra
 12739 | D:13     | Received a gift from Nemelex Xobeh
 12965 | D:13     | Noticed an ettin
 12965 | D:13     | Noticed an ettin
 12965 | D:13     | Noticed an ettin
 12968 | D:13     | Noticed a frost giant
 12969 | D:13     | Noticed an ettin
 12971 | D:13     | Noticed a tengu reaver
 12972 | D:13     | Slain by an ettin

Vault maps used:
D:1:      minmay_arrival_five_plusses, serial_bayou_lagoon_a
D:2:      nicolae_overflow_hidden_temple, ashenzari_altar_1,
          chequers_ecumenical_altar_grove
D:3:      first_ration
D:4:      uniq_eustachio, uniq_robin
D:5:      gup_sewer_entry_bowl, grunt_ministairs_1, dk_noncrumbling_4,
          uniq_duvessa, uniq_blork_the_orc
D:6:      old_standard_altar, kennysheep_little_box,
          eat_drink_and_be_merry_uskayaw, minmay_temple_entry_waves,
          serial_shops, shop, serial_bayou_pond_c
D:7:      old_standard_altar, lemuel_coloured_pillars_altar,
          nicolae_ossuary_entry_monument
D:8:      old_standard_altar, kiku_gazebo_garden_becter
D:9:      nicolae_overflow_quartered_altars, serial_undead, serial_undead_c,
          serial_undead_f, serial_undead_c, serial_undead_f
D:10:     lair_entry_dummy
D:11:     erik_orc_2
D:12:     hangedman_ranch, uniq_urug, uniq_snorg
D:13:     minmay_bad_star, ximxim_vaults_locker_room, serial_shops,
          kennysheep_mini_moat
Temple:   nicolae_temple_figure_zero
Sewer:    sewer_co_purgy_island
Ossuary:  minmay_ossuary_two_tombs

Skill      XL: |  1  2  3  4  5  6  7  8  9 10 11 12 |
---------------+-------------------------------------+-----
Polearms       | 5 6 8 10 12 14 15 | 15.5
Armour         | 1 3 4 5 6 |  6.2
Fighting       | 3 5 7 8 9 |  9.3
Throwing       | 3 5 6 8 |  8.6
Dodging        | 5 7 9 10 11 | 11.3

Action                   |  1- 3 |  4- 6 |  7- 9 | 10-12 || total
-------------------------+-------+-------+-------+-------++-------
Melee: Trident           |   163 |   111 |   650 |    26 ||   950
       Tailslap          |     8 |       |     3 |     1 ||    12
       Halberd           |       |       |    24 |   530 ||   554
       Spear             |       |       |       |    17 ||    17
Throw: Tomahawk          |       |       |     3 |    42 ||    45
       Stone             |       |       |       |     8 ||     8
 Abil: Draw Escape       |       |       |       |     1 ||     1
       Draw Summoning    |       |       |       |     1 ||     1
Evoke: Wand              |       |       |       |    35 ||    35
  Use: Scroll            |     8 |       |    10 |    13 ||    31
       Potion            |       |       |       |     3 ||     3
 Stab: Sleeping          |     3 |     3 |     2 |     2 ||    10
       Distracted        |       |       |     1 |       ||     1
       Paralysed         |       |       |       |     6 ||     6
  Eat: Chunk             |     2 |     4 |    12 |    18 ||    36
       Ration            |       |       |     1 |       ||     1
Armor: Leather armour    |    14 |    18 |    10 |       ||    42
       Troll leather arm |       |       |   105 |    77 ||   182
       Skin              |       |       |       |    17 ||    17
Dodge: Dodged            |    47 |    46 |   267 |   419 ||   779

Table legend:
 A = Non-vault XP
 B = Vault XP
 C = Vault XP percentage of total XP
 D = Non-vault monster count
 E = Vault monster count
 F = Vault count percentage of total count
                 A         B        C        D         E       F
            +---------+---------+-------+---------+---------+-------
      Total |   14586 |    8647 |  37.2 |     254 |     107 |  29.6
            +---------+---------+-------+---------+---------+-------
        D:1 |      46 |       0 |   0.0 |      21 |       0 |   0.0
        D:2 |      21 |       0 |   0.0 |      13 |       0 |   0.0
        D:3 |      66 |       0 |   0.0 |      21 |       0 |   0.0
        D:4 |     426 |     254 |  37.4 |      17 |      14 |  45.2
        D:5 |     849 |     379 |  30.9 |      29 |       8 |  21.6
        D:6 |     671 |       0 |   0.0 |      13 |       0 |   0.0
        D:7 |    1269 |       0 |   0.0 |      32 |       0 |   0.0
        D:8 |     926 |       0 |   0.0 |      19 |       0 |   0.0
        D:9 |    1155 |     423 |  26.8 |      17 |       6 |  26.1
       D:10 |    2210 |       0 |   0.0 |      23 |       0 |   0.0
       D:11 |    1579 |    1300 |  45.2 |      25 |      20 |  44.4
       D:12 |    5096 |    4061 |  44.3 |      22 |      10 |  31.2
       D:13 |     272 |    1481 |  84.5 |       2 |       4 |  66.7
      Sewer |       0 |     153 | 100.0 |       0 |       8 | 100.0
    Ossuary |       0 |     596 | 100.0 |       0 |      37 | 100.0
            +---------+---------+-------+---------+---------+-------
